 Dungeon Crawl Stone Soup version 0.23.1 (webtiles) character file.

Game seed: 11333990333081456221

1145 Borgoz the Cutter (level 8, -5/68 HPs)
             Began as a Ghoul Monk on Mar 17, 2019.
             Killed from afar by an orc wizard (11 damage)
             ... with a puff of flame
             ... on level 6 of the Dungeon.
             The game lasted 00:08:47 (4829 turns).

Borgoz the Cutter (Ghoul Monk)                      Turns: 4829, Time: 00:08:48

Health: -5/68      AC: 10    Str: 15    XL:     8   Next: 37%
Magic:  7/7        EV: 13    Int:  7    God:
Gold:   260        SH:  0    Dex: 15    Spells: 7/7 levels left

rFire    . . .     SeeInvis .   a - +0 short sword (drain)
rCold    + . .     Gourm    .   (no shield)
rNeg     + + +     Faith    .   e - +0 ring mail
rPois    ∞         Spirit   .   k - +2 helmet
rElec    .         Reflect  .   q - +0 cloak
rCorr    .         Harm     .   (no gloves)
MR       .....                  (no boots)
Stlth    ++........             (no amulet)
HPRegen  0.00/turn              j - ring of wizardry
MPRegen  0.10/turn              x - +4 ring of dexterity

@: rotting
A: rotting body, claws 1, carnivore, cold resistance 1, negative energy
resistance 3, inhibited regeneration, torment resistance, unbreathing
a: no special abilities


You were on level 6 of the Dungeon.
You were not hungry.

You visited 1 branch of the dungeon, and saw 6 of its levels.

You collected 260 gold pieces.

Inventory:

Hand Weapons
 a - a +0 short sword of draining (weapon)
 b - a +4 dagger
 p - a +2 quarterstaff of chaos
Missiles
 o - 5 javelins (quivered)
Armour
 e - a +0 ring mail (worn)
 k - a +2 helmet (worn)
 q - a +0 cloak (worn)
 D - a cursed +0 pair of gloves
Jewellery
 j - a ring of wizardry (left claw)
 x - a +4 ring of dexterity (right claw)
Wands
 u - a wand of acid (6)
 y - a wand of polymorph (6)
Scrolls
 d - a scroll of teleportation {unknown}
 f - 9 scrolls of identify {unknown}
 i - 6 scrolls of remove curse
 m - 3 scrolls of fog {unknown}
 t - a scroll of immolation {unknown}
 B - 4 scrolls of enchant weapon {unknown}
 E - a scroll of vulnerability {unknown}
Potions
 g - 2 potions of ambrosia {unknown}
 h - 2 potions of flight {unknown}
 l - a potion of agility {unknown}
 n - 2 potions of heal wounds {unknown}
 r - a potion of lignification {unknown}
 s - 2 potions of curing {unknown}
 v - a potion of brilliance {unknown}
 w - 2 potions of mutation {unknown}
 z - a potion of haste {unknown}
 A - a potion of degeneration {unknown}
Comestibles
 c - 10 rations


   Skills:
 + Level 5.1 Fighting
 * Level 5.4 Short Blades
 * Level 4.0 Armour
 * Level 5.0 Dodging
 + Level 4.1 Stealth


You had 7 spell levels left.
You didn't know any spells.
Your spell library was empty.

Dungeon Overview and Level Annotations

Branches:
Dungeon (6/15)
 Temple: D:4-7

Altars:
Cheibriados
Elyvilon
Nemelex Xobeh
Okawaru
Qazlal
Ru
Sif Muna
Uskayaw
The Shining One

Shops:
D:4 %


Innate Abilities, Weirdness & Mutations

Your body is rotting away.
You thrive on raw meat.
You are immune to poison.
You have sharp fingernails.
You are carnivorous and can eat meat at any time.
Your flesh is cold resistant. (rC+)
You are immune to negative energy. (rN+++)
You do not regenerate when monsters are visible.
You are immune to unholy pain and torment.
You can survive without breathing.


Message History

The gnoll hits you but does no damage. The gnoll hits you with a +0 club!
* * * LOW HITPOINT WARNING * * *
Things that are here:
a +0 flail; an orc corpse
Okay, then.
The orc wizard hits you but does no damage.
The gnoll hits you with a +0 spear.
* * * LOW HITPOINT WARNING * * *
Okay, then.
Okay, then.
The orc wizard gestures wildly while chanting.
The orc wizard flickers and vanishes!
Deactivating autopickup; reactivate with Ctrl-A.
The gnoll hits you from afar with a +0 spear.
* * * LOW HITPOINT WARNING * * *
The gnoll hits you but does no damage.
You hear some strange, mumbled words.
A puff of flame appears from out of thin air!
The puff of flame hits you!
You die...

.................................
#..##.....##...÷...............
#..##.....##...)###..##........
#........(##....#######........
#........(........(>.####+###..
#....................##....##..
#..............................
...............................
#..####...###.@.###..##........
#+ ####...###...###..##........
......ggo.g....#............
.......)o......#............
.^.............#............
........(......#........(...
...............#............
######..##..####..##........
##########./########........


You could see a gnoll and 2 orcs.

Vanquished Creatures
  A wyvern (D:4)
  An ice beast (D:6)
  A centaur (D:5)
  2 bullfrogs (D:6)
  A crimson imp (D:6)
  A bullfrog skeleton (D:4)
  2 orc priests
  Crazy Yiuf (D:2)
  4 hounds
  An orc wizard (D:5)
  A gnoll shaman (D:5)
  An iguana (D:5)
  Ijyb (D:3)
  4 worker ants (D:4)
  6 gnolls
  7 adders
  4 oozes
  A worm (D:2)
  A dart slug (D:2)
  2 leopard geckos
  10 orcs
  6 bats
  4 giant cockroaches
  4 goblins
  6 hobgoblins
  10 jackals
  2 quokkas
  2 ball pythons
  6 frilled lizards
  8 kobolds
  2 leopard gecko skeletons (D:4)
  8 rats
111 creatures vanquished.

Notes
Turn   | Place    | Note
-------+----------+-------------------------------------------
     0 | D:1      | Borgoz the Ghoul Monk began the quest for the Orb.
     0 | D:1      | Reached XP level 1. HP: 19/19 MP: 0/0
   167 | D:1      | Reached XP level 2. HP: 17/26 MP: 1/1
   485 | D:1      | Reached XP level 3. HP: 22/33 MP: 2/2
  1206 | D:2      | Reached XP level 4. HP: 33/40 MP: 3/3
  1431 | D:2      | Found a runed translucent door.
  1432 | D:2      | Noticed Crazy Yiuf
  1500 | D:2      | Reached skill level 1 in Armour
  1804 | D:2      | Killed Crazy Yiuf
  1804 | D:2      | Reached XP level 5. HP: 10/46 MP: 1/4
  2241 | D:3      | Found a hide-covered altar of Uskayaw.
  2676 | D:3      | Noticed Ijyb
  2699 | D:3      | Killed Ijyb
  3036 | D:4      | Noticed a wyvern
  3046 | D:4      | Killed a wyvern
  3046 | D:4      | Reached XP level 6. HP: 47/53 MP: 5/5
  3145 | D:4      | Reached XP level 7. HP: 54/60 MP: 6/6
  3149 | D:4      | Got a ripped robe
  3160 | D:4      | Identified the cursed +1 robe "Jongyrah" {rElec rCorr
                  | Stlth+} (You found it on level 4 of the Dungeon)
  3168 | D:4      | Found a glowing golden altar of the Shining One.
  3185 | D:4      | Found a snail-covered altar of Cheibriados.
  3205 | D:4      | Found a deep blue altar of Sif Muna.
  3321 | D:4      | Found Faxiheq's Food Shoppe.
  3366 | D:4      | Found an iron altar of Okawaru.
  3374 | D:4      | Found a white marble altar of Elyvilon.
  3577 | D:5      | Entered Level 5 of the Dungeon
  3710 | D:5      | Found a sacrificial altar of Ru.
  3913 | D:5      | Found a stormy altar of Qazlal.
  4001 | D:5      | Found a sparkling altar of Nemelex Xobeh.
  4373 | D:5      | Reached skill level 5 in Short Blades
  4474 | D:5      | Reached XP level 8. HP: 36/66 MP: 7/7
  4538 | D:6      | Reached skill level 5 in Fighting
  4759 | D:6      | Reached skill level 5 in Dodging
  4829 | D:6      | Killed from afar by an orc wizard

Skill      XL: |  1  2  3  4  5  6  7  8 |
---------------+-------------------------+-----
Short Blades   | 3 4 5 |  5.4
Dodging        | 3 4 5 |  5.0
Armour         | 1 2 3 4 |  4.0
Fighting       | 4 5 |  5.1
Stealth        | 3 4 |  4.1

Action                   |  1- 3 |  4- 6 |  7- 9 || total
-------------------------+-------+-------+-------++-------
Melee: Short sword       |   151 |   193 |   211 ||   555
  Use: Scroll            |       |       |     1 ||     1
 Stab: Sleeping          |     3 |       |     5 ||     8
  Eat: Chunk             |     6 |     4 |     9 ||    19
Armor: Ring mail         |    47 |    78 |    83 ||   208
       Robe              |       |       |    15 ||    15
Dodge: Dodged            |    90 |   109 |   157 ||   356
